General information
			
			
        
        - name: BNet
 
        - type: Ladder team game (AT/RT)
 
        - host: Battle.net
 
        - saver: wow_strong_load
 
        
map: Mur'gulOasis 
        - players: 8
 
        - length: 40:20
 
        - speed: Fast
 - version: 1.22 W3XP
 - replay type:  Public
 
» download(172 KB)
Players
        team 1 (winner) 
              
              
GM-Flash (
purple | 32 APM | 1271 actions | 40:18)
              
 8 Death Knight 
 3 Death Coil
 3 Unholy Aura
 1 Animate Dead
 1 Death Pact
 
                » actions 
                
                | Assign group hotkey | 4 |  | 
| Basic commands | 71 |  | 
| Build / train | 26 |  | 
| Enter build submenu | 6 |  | 
| Enter hero's abilities submenu | 8 |  | 
| Remove unit from queue | 2 |  | 
| Right click | 840 |  | 
| Select / deselect | 226 |  | 
| Select group hotkey | 32 |  | 
| Use ability | 56 |  | 
                1271 total
 » units 
                » upgrades
                
                | Cannibalize | 1 |  | 
| Unholy Strength | 1 |  | 
| Unholy Armor | 1 |  | 
                3 total
 » buildings
                
                | Ziggurat | 3 |  | 
| Altar of Darkness | 1 |  | 
| Crypt | 1 |  | 
| Graveyard | 1 |  | 
| Halls of the Dead | 0 |  | 
                6 total
 » build order
                00:14 Ziggurat
00:25 Altar of Darkness
00:52 Crypt
02:15 Ziggurat
03:00 Graveyard
03:02 Ziggurat
03:49 Halls of the Dead
 
               
              
              
» 
I_feed_if_ne (
yellow | 87 APM | 3524 actions | 40:18)
              
 9 Dreadlord 
 3 Vampiric Aura
 3 Carrion Swarm
 1 Inferno
 2 Sleep
 
                » actions 
                
                | Assign group hotkey | 92 |  | 
| Basic commands | 291 |  | 
| Build / train | 87 |  | 
| Enter build submenu | 25 |  | 
| Enter hero's abilities submenu | 9 |  | 
| Right click | 1346 |  | 
| Select / deselect | 423 |  | 
| Select group hotkey | 1078 |  | 
| Use ability | 173 |  | 
                3524 total
 » units 
                
                | Acolyte | 12 |  | 
| Ghoul | 19 |  | 
| Gargoyle | 10 |  | 
| Necromancer | 7 |  | 
| Meatwagon | 6 |  | 
| Obsidian Statue | 2 |  | 
                56 total
 » upgrades
                
                | Unholy Strength | 2 |  | 
| Unholy Armor | 1 |  | 
| Exhume Corpses | 2 |  | 
| Skeletal Mastery | 1 |  | 
| Necromancer Training | 2 |  | 
| Skeletal Longevity | 1 |  | 
                9 total
 » buildings
                
                | Crypt | 1 |  | 
| Ziggurat | 15 |  | 
| Altar of Darkness | 1 |  | 
| Tomb of Relics | 1 |  | 
| Graveyard | 1 |  | 
| Necropolis | 2 |  | 
| Spirit Tower | 4 |  | 
| Halls of the Dead | 1 |  | 
| Black Citadel | 1 |  | 
| Temple of the Damned | 2 |  | 
| Slaughterhouse | 1 |  | 
                30 total
 » build order
                00:57 Crypt
01:06 Ziggurat
01:12 Ziggurat
01:17 Altar of Darkness
01:28 Tomb of Relics
01:49 Graveyard
03:28 Necropolis
03:44 Spirit Tower
04:14 Ziggurat
05:45 Halls of the Dead
07:54 Ziggurat
07:55 Ziggurat
07:57 Ziggurat
07:59 Ziggurat
08:02 Ziggurat
12:12 Spirit Tower
14:05 Spirit Tower
17:06 Black Citadel
19:39 Temple of the Damned
19:42 Temple of the Damned
19:50 Slaughterhouse
31:13 Ziggurat
31:14 Ziggurat
31:15 Ziggurat
31:16 Ziggurat
34:04 Spirit Tower
36:27 Necropolis
39:30 Ziggurat
39:31 Ziggurat
39:33 Ziggurat
» items
                
                | Dust of Appearance | 2 |  | 
| Scroll of Town Portal | 1 |  | 
| Orb of Corruption | 1 |  | 
| Potion of Healing | 1 |  | 
| Potion of Mana | 1 |  | 
                6 total
  
               
              
              
» 
bosox07 (
orange | 13 APM | 517 actions | 40:18)
              
                » actions 
                
                | Basic commands | 2 |  | 
| Build / train | 25 |  | 
| Enter build submenu | 48 |  | 
| Right click | 186 |  | 
| Select / deselect | 203 |  | 
| Use ability | 52 |  | 
                517 total
 » units 
                » buildings
                
                | Altar of Kings | 2 |  | 
| Barracks | 3 |  | 
| Farm | 39 |  | 
| Town Hall | 1 |  | 
| Lumber Mill | 1 |  | 
| Keep | 1 |  | 
                47 total
 » build order
                00:50 Altar of Kings
00:56 Barracks
01:02 Farm
01:18 Farm
01:32 Farm
01:46 Farm
01:50 Farm
02:03 Farm
02:37 Farm
02:48 Farm
02:56 Farm
03:07 Farm
03:15 Farm
03:27 Farm
03:32 Farm
03:35 Farm
03:40 Farm
03:45 Farm
03:50 Farm
03:53 Farm
04:07 Farm
04:26 Farm
04:34 Farm
04:52 Farm
05:07 Farm
05:14 Farm
05:18 Farm
05:41 Farm
05:55 Farm
06:14 Farm
06:24 Farm
06:28 Farm
06:33 Farm
06:37 Farm
06:45 Farm
06:49 Farm
06:54 Farm
07:00 Farm
07:15 Farm
07:24 Farm
07:56 Farm
13:53 Town Hall
18:57 Barracks
19:13 Barracks
19:51 Lumber Mill
20:30 Altar of Kings
21:29 Keep
 
               
              
              
» 
wow_strong_load (
blue | 17 APM | 690 actions | 40:20)
              
 1 Death Knight 
 1 Death Coil
 
                » actions 
                
                | Assign group hotkey | 16 |  | 
| Basic commands | 81 |  | 
| Build / train | 28 |  | 
| Enter build submenu | 6 |  | 
| Enter hero's abilities submenu | 1 |  | 
| Right click | 155 |  | 
| Select / deselect | 316 |  | 
| Select group hotkey | 69 |  | 
| Use ability | 18 |  | 
                690 total
 » units 
                » upgrades
                » buildings
                
                | Ziggurat | 3 |  | 
| Crypt | 2 |  | 
| Altar of Darkness | 1 |  | 
                6 total
 » build order
                00:19 Ziggurat
00:20 Crypt
00:41 Crypt
01:05 Altar of Darkness
02:02 Ziggurat
02:59 Ziggurat
 
               team 2 (loser) 
              
              
              
» 
Hey_Green (
teal | 0 APM | 0 actions | 40:20)
              
               
              
              
              
» 
xoot (
pink | 48 APM | 1935 actions | 40:18)
              
 6 Blademaster 
 3 Critical Strike
 2 Wind Walk
 1 Bladestorm
 4 Dark Ranger 
 2 Life Drain
 2 Black Arrow
 
                » actions 
                
                | Basic commands | 40 |  | 
| Build / train | 191 |  | 
| ESC pressed | 2 |  | 
| Enter build submenu | 42 |  | 
| Enter hero's abilities submenu | 10 |  | 
| Remove unit from queue | 6 |  | 
| Right click | 862 |  | 
| Select / deselect | 653 |  | 
| Use ability | 125 |  | 
                1935 total
 » units 
                
                | Peasant | 6 |  | 
| Acolyte | 3 |  | 
| Peon | 12 |  | 
| Grunt | 20 |  | 
| Footman | 13 |  | 
| Ghoul | 20 |  | 
| Troll Headhunter/Berserker | 20 |  | 
| Crypt Fiend | 10 |  | 
| Rifleman | 20 |  | 
| Demolisher | 4 |  | 
| Frost Wyrm | 11 |  | 
                139 total
 » upgrades
                
                | Unholy Strength | 1 |  | 
| Masonry | 1 |  | 
| Web | 1 |  | 
| Burrow | 1 |  | 
| Troll Regeneration | 1 |  | 
| Berserker Upgrade | 1 |  | 
| Burning Oil | 1 |  | 
| Freezing Breath | 1 |  | 
                8 total
 » buildings
                
                | Orc Burrow | 16 |  | 
| Altar of Storms | 2 |  | 
| Barracks | 5 |  | 
| Farm | 28 |  | 
| Ziggurat | 10 |  | 
| Altar of Darkness | 2 |  | 
| Crypt | 2 |  | 
| Graveyard | 1 |  | 
| Nerubian Tower | 2 |  | 
| Lumber Mill | 1 |  | 
| Scout Tower | 3 |  | 
| Halls of the Dead | 3 |  | 
| Tomb of Relics | 1 |  | 
| War Mill | 1 |  | 
| Keep | 5 |  | 
| Guard Tower | 2 |  | 
| Stronghold | 2 |  | 
| Watch Tower | 4 |  | 
| Blacksmith | 1 |  | 
| Altar of Kings | 1 |  | 
| Fortress | 2 |  | 
| Black Citadel | 2 |  | 
| Sacrificial Pit | 1 |  | 
| Boneyard | 3 |  | 
                100 total
 » build order
                00:14 Orc Burrow
00:17 Altar of Storms
00:22 Barracks
00:50 Orc Burrow
00:54 Barracks
01:46 Barracks
01:47 Barracks
01:50 Farm
01:51 Farm
01:52 Farm
01:53 Farm
02:05 Orc Burrow
02:06 Orc Burrow
02:11 Ziggurat
02:12 Ziggurat
02:18 Altar of Darkness
02:29 Crypt
02:45 Graveyard
04:12 Orc Burrow
04:15 Nerubian Tower
04:44 Lumber Mill
04:52 Orc Burrow
04:54 Orc Burrow
06:19 Orc Burrow
06:27 Scout Tower
06:28 Scout Tower
06:28 Scout Tower
06:37 Ziggurat
06:38 Ziggurat
06:45 Halls of the Dead
06:45 Halls of the Dead
06:45 Halls of the Dead
06:51 Tomb of Relics
06:58 War Mill
07:04 Keep
07:05 Keep
07:05 Keep
07:05 Keep
07:09 Guard Tower
07:27 Stronghold
07:27 Stronghold
07:38 Nerubian Tower
07:58 Guard Tower
08:01 Farm
08:02 Farm
08:03 Farm
08:04 Farm
08:15 Watch Tower
08:16 Watch Tower
08:17 Watch Tower
08:18 Watch Tower
08:30 Altar of Darkness
09:15 Altar of Storms
09:26 Barracks
09:34 Blacksmith
10:23 Crypt
13:28 Altar of Kings
15:21 Fortress
15:21 Fortress
15:53 Ziggurat
15:54 Ziggurat
15:56 Ziggurat
15:56 Ziggurat
19:01 Black Citadel
19:05 Sacrificial Pit
21:58 Boneyard
22:00 Boneyard
22:01 Boneyard
22:33 Orc Burrow
22:34 Orc Burrow
22:36 Orc Burrow
23:16 Ziggurat
23:17 Ziggurat
36:58 Farm
36:59 Farm
37:00 Farm
37:02 Farm
37:04 Farm
37:05 Farm
37:06 Farm
37:06 Farm
37:07 Farm
37:07 Farm
37:08 Farm
37:09 Farm
37:09 Farm
37:10 Farm
37:10 Farm
38:14 Orc Burrow
38:15 Orc Burrow
38:21 Orc Burrow
38:23 Orc Burrow
38:36 Farm
38:49 Farm
39:01 Farm
39:40 Farm
39:48 Orc Burrow
 
                Chat log
          (00:07 / All) GM-Flash: holy motherfucking christ
(00:11 / All) wow_strong_load: owned
(00:12 / All) wow_strong_load: raped
(00:18 / All) GM-Flash: for the record
(00:21 / All) GM-Flash: fuck you and your hacks
(00:26 / Allies) wow_strong_load: lol
(00:28 / All) I_feed_if_ne: agreed
(00:37 / All) wow_strong_load:  u guys gonna stab me?
(00:38 / All) wow_strong_load: rofl
(01:14 / All) wow_strong_load: nope not stabbing
(01:18 / All) wow_strong_load: cant say no to an easy win
(01:22 / All) wow_strong_load: even if its tainted
(01:26 / All) wow_strong_load: ^^
(01:31 / Allies) I_feed_if_ne: u dont hack dude
(01:34 / Allies) wow_strong_load: ya i do
(01:35 / Allies) I_feed_if_ne: your fuckin 2-4
(01:38 / Allies) I_feed_if_ne: u sucxk bro
(01:45 / Allies) wow_strong_load: how u think i load 4:45 and not drop?
(01:50 / Allies) wow_strong_load: bottom is red
(01:53 / Allies) wow_strong_load: teal is top
(01:59 / Allies) wow_strong_load: yellow is above green
(02:07 / Allies) I_feed_if_ne: im yellow dick
(02:11 / All) wow_strong_load: err pink
(02:17 / All) wow_strong_load: pink ur orc
(02:18 / All) wow_strong_load: right?
(02:20 / All) wow_strong_load: 2nd frop top?
(02:21 / Allies) I_feed_if_ne: so this is red?
(02:23 / Allies) wow_strong_load: thats teal
(02:27 / Allies) wow_strong_load: human
(02:37 / Allies) I_feed_if_ne: dude u 2-4 with hack u really suck
(02:44 / Allies) wow_strong_load: its ok
(02:48 / Allies) wow_strong_load: i get wins like this game
(03:12 / All) I_feed_if_ne: leave plz save us all the time
(03:29 / All) xoot: no like he did ima stay til you call all 4 bases
(03:35 / All) I_feed_if_ne: ?
(03:38 / All) I_feed_if_ne: what?
(04:07 / All) wow_strong_load: its not hard to win 1v4 if u just mass and keep them all together
(04:09 / All) wow_strong_load: but this guy blows
(04:14 / All) wow_strong_load: 30 apm and most of it right clicks rofl
(04:23 / Allies) I_feed_if_ne: how u see apm?
(04:30 / Allies) wow_strong_load: with a trained eye
(04:43 / Allies) I_feed_if_ne: dude ///im not gettin what u doing?
(04:56 / Allies) bosox07: me?
(05:18 / Allies) I_feed_if_ne: oranegw e need to hit 
(05:26 / Allies) bosox07: oik
(05:30 / Allies) I_feed_if_ne: omg mass farms?
(05:32 / Allies) I_feed_if_ne: im out
(05:35 / Allies) I_feed_if_ne: wastin my time here
(05:44 / Allies) bosox07: dude trust me
(05:45 / Allies) bosox07: it works
(05:49 / Allies) I_feed_if_ne: nah dude im out 
(06:02 / Allies) I_feed_if_ne: u and blue ruin the game im afk
(06:07 / Allies) I_feed_if_ne: later purple
(06:09 / Allies) bosox07: blue lol
(06:10 / Allies) I_feed_if_ne: whata  fuckinw aste
(06:17 / Allies) I_feed_if_ne: no wonder they need hack to win games
(06:38 / Allies) I_feed_if_ne: well weak
(06:53 / Allies) I_feed_if_ne: have fun u three suckin each other off
(06:59 / Allies) wow_strong_load: ))
(07:03 / Allies) bosox07: ty
(07:30 / Allies) bosox07: bnack the fuck off blue
(07:35 / Allies) bosox07: im making art
(08:00 / Allies) bosox07: god damn nig
(09:12 / All) wow_strong_load: get aa
(09:15 / All) wow_strong_load: this guy has a gargole
(09:39 / Allies) bosox07: lumber
(10:07 / Allies) I_feed_if_ne: bleu is your dick taht smalkl...taht this is fun for u?
(10:57 / Allies) bosox07: k i try
(10:59 / All) wow_strong_load: lawl
(10:59 / Allies) bosox07: 100 lumber
(11:01 / All) wow_strong_load: our whole team
(11:02 / Allies) I_feed_if_ne: dude u suck
(11:03 / All) wow_strong_load: has no gold mines
(11:04 / Allies) I_feed_if_ne: u cost us
(11:04 / All) wow_strong_load: at the monet
(11:05 / All) wow_strong_load: one guy
(11:09 / Allies) wow_strong_load: has no main and no builiders
(11:13 / All) wow_strong_load: has no main or builders
(11:24 / All) wow_strong_load: keep ur guys together and come hit a  base
(11:27 / All) wow_strong_load: top preferrably
(11:42 / All) wow_strong_load: r spending most of ur time walking back and forht
(11:46 / All) wow_strong_load: just send all to our top base
(11:50 / All) wow_strong_load: and dont care if they get hit on way
(11:57 / All) wow_strong_load: 2nd from top actually
(12:07 / All) wow_strong_load: WTF
(12:09 / All) wow_strong_load: ARE U DOING
(12:10 / All) wow_strong_load: NOOB
(12:13 / All) wow_strong_load: U HAVE SHIT WALKING AROUND
(12:17 / All) wow_strong_load: TO TEAL AND PINKS BASE
(12:36 / All) bosox07: stop fucking with my farms
(12:43 / All) wow_strong_load: SEND ALL UR STUFF
(12:46 / All) wow_strong_load: TO YELLOW
(12:48 / All) wow_strong_load: DONT KILL FARMS
(12:50 / All) wow_strong_load: THEY ARE USELESS
(12:53 / All) wow_strong_load: TKAE THE UNTIS FROM TOP BASE
(12:56 / All) wow_strong_load: AND SEND THEM TO YELLOW
(13:02 / Allies) bosox07: give me fuckin 100 lumber ill try i swear
(13:05 / Allies) I_feed_if_ne: purprel coem here lev up
(13:11 / All) wow_strong_load: HEY NOOB
(13:12 / All) wow_strong_load: THOSE FARMS
(13:15 / All) wow_strong_load: ARE NOT GONNA HURT U
(13:21 / All) wow_strong_load: WOW
(13:22 / Allies) bosox07: im actaully good i sweat
(13:24 / All) wow_strong_load: U ARE GONNA LOSE TO ONE BASE
(13:27 / All) wow_strong_load: WITH FOUR
(13:29 / Allies) bosox07: give me 100 lumber
(14:06 / All) wow_strong_load: KILL THAT PEASANT
(14:07 / All) wow_strong_load: IN OUR TOP BASE
(14:09 / All) wow_strong_load: ITS HIS LAST GUY
(14:10 / All) wow_strong_load: I THINK
(14:18 / All) wow_strong_load: UR SO BAD
(14:20 / All) wow_strong_load: SO SO BAD
(14:22 / All) wow_strong_load: UR SO BAD
(14:23 / All) wow_strong_load: SO SO BAD
(14:38 / All) wow_strong_load: USE THOSE FIENDS
(14:40 / All) wow_strong_load: U HAVE IDLE
(14:42 / All) wow_strong_load: IN UR BOTOTM BASE
(14:51 / All) wow_strong_load: PUT 5 MINERS IN THE MINE
(14:54 / All) wow_strong_load: IN UR 2ND BOTTOM BASE
(14:59 / All) wow_strong_load: AND BUILD MORE BURROWS THERE
(15:15 / All) wow_strong_load: GO TO OUR TOP BASE
(15:16 / All) wow_strong_load: AGAIN
(15:19 / All) wow_strong_load: IT HAS A MAIN BUILDING THERE NOW
(15:22 / Allies) I_feed_if_ne: get hero purpel
(15:26 / All) wow_strong_load: WHERE ARE YOU GOING
(15:28 / All) wow_strong_load: DUMB NOOB
(15:33 / All) wow_strong_load: U FIGHT FARMS BUT NOT TOWN HALL?
(15:46 / All) wow_strong_load: OUR GUYS ARE ATTK U AT BOTOTM
(15:56 / Allies) I_feed_if_ne: all his aa
(16:00 / All) wow_strong_load: DO YOU  HAVE
(16:02 / All) wow_strong_load: A SINGLE HERO
(16:03 / All) wow_strong_load: ALIVE?
(16:05 / All) wow_strong_load: JESUS
(16:16 / All) wow_strong_load: IT SHOULDNT TAKE
(16:18 / All) wow_strong_load: 50 SECONDS
(16:20 / All) wow_strong_load: TO LOOK AT A BASE
(16:22 / All) wow_strong_load: SELECT A BUILDER
(16:27 / All) wow_strong_load: AND PRESS TWO HOT KEYS AND CL;ICK
(16:31 / All) wow_strong_load: THAT SHOULD TAKE LIKE 12 SECONDS TOPS
(16:35 / All) I_feed_if_ne: stfu BLUE U FAILED
(16:37 / All) I_feed_if_ne: NOW ELAVE
(16:53 / All) wow_strong_load: SEND THOSE RIFLES
(16:54 / All) wow_strong_load: WESTWARD
(17:12 / All) wow_strong_load: send those fiends
(17:13 / All) wow_strong_load: westward
(17:51 / Allies) I_feed_if_ne: wheres THAT FUCKIN DKL DAM IT
(17:51 / All) wow_strong_load: GOOD JOB
(17:54 / All) wow_strong_load: U MANAGE THAT ONE UNIT WELL
(17:57 / All) wow_strong_load: NOW TAKE AS TAB 
(17:59 / Allies) I_feed_if_ne: lol
(17:59 / All) wow_strong_load: AT THE OTHER 200 UNITS
(18:01 / All) wow_strong_load: U HAVE IDLE
(18:13 / All) wow_strong_load: FOR EXAMPLE YOUR FIENDS
(18:14 / All) wow_strong_load: OR RIFLES
(18:29 / Allies) I_feed_if_ne: omw purpel
(18:33 / Allies) I_feed_if_ne: roaeng u ahev anything yet
(18:34 / Allies) wow_strong_load: GARGS ARE THE WEAKEST THING U COULD MAKE
(18:34 / Allies) wow_strong_load: ROFL
(18:39 / Allies) bosox07: not yet
(18:56 / Allies) I_feed_if_ne: dude u relaize if u played for real from stat we won this shit alreayd orange
(19:02 / Allies) I_feed_if_ne: instead uf cukin moakin farms
(19:02 / Allies) bosox07: ya lol
(19:06 / Allies) wow_strong_load: IF XOOT HAD PLAYED FOR REAL FROM START
(19:08 / Allies) wow_strong_load: U WOULD HAVE GOTTEN ROLLED
(19:11 / Allies) wow_strong_load: IFS AND BUTTS
(19:22 / Allies) I_feed_if_ne: dude u are a fuckin virgin loser
(19:25 / Allies) I_feed_if_ne: nopw shh
(19:26 / Allies) bosox07: byt now i have 100 food
(20:01 / All) wow_strong_load: THAT WAS GOOD WIT HTHE TOWERS
(20:04 / All) wow_strong_load: U SAVED URSELF A LOTTA GRIEF
(20:06 / Allies) bosox07: help
(20:17 / Allies) I_feed_if_ne: hti geren purpel
(20:19 / Allies) I_feed_if_ne: roaeng is useless
(20:39 / Allies) bosox07: wtf nigs
(20:46 / Allies) I_feed_if_ne: us?
(20:51 / Allies) I_feed_if_ne: u did nothin all fuckin agem bro
(21:08 / Allies) bosox07: i made farms dude
(21:12 / Allies) wow_strong_load: LOL
(21:14 / Allies) I_feed_if_ne: wow u wanta  fuckin medal?
(21:19 / Allies) bosox07: cookie
(21:39 / All) wow_strong_load: GREENS BASE IS GETTING KILLED
(21:44 / All) wow_strong_load: U DONT NEED IT THO
(21:44 / Allies) I_feed_if_ne: cancel adn send me gold
(21:48 / All) wow_strong_load: JUS TMASS UP AT ALL OTHER BASES
(22:01 / All) wow_strong_load: K
(22:03 / All) wow_strong_load: HES OUT OF BUILDERS NOW
(22:06 / All) wow_strong_load: U CAN LEAV ETHE HOUSES
(22:09 / All) wow_strong_load: UNLESS U HAVE PILLAGE
(22:14 / All) wow_strong_load: AND ARE POOR
(22:25 / All) wow_strong_load: BRING FIENDS AND RIFLES
(22:40 / Allies) bosox07: can i move my farms
(22:48 / Allies) wow_strong_load: HE MUS THAVE LIKE 20K TOTAL UNSPENT
(22:55 / Allies) I_feed_if_ne: stfu asshoel
(23:02 / Allies) I_feed_if_ne: gusy liek u really ruin the game
(23:14 / Allies) bosox07: how do i move my farms
(23:22 / Allies) wow_strong_load: PRESS ALT Q N
(23:40 / Allies) bosox07: how do i make them moce
(24:10 / Allies) I_feed_if_ne: moev on purple
(24:22 / Allies) I_feed_if_ne: he cnat fight me and manage hsi bases
(25:14 / All) wow_strong_load: try to kill necs
(25:15 / Allies) bosox07: puirple i wish i knew how to move my farms so i could help you
(25:16 / All) wow_strong_load: if u can
(25:23 / Allies) wow_strong_load: u shoulda built them in his base
(25:25 / Allies) wow_strong_load: in the first place
(25:36 / Allies) I_feed_if_ne: i knwo go kill towers on poinky
(26:01 / Allies) I_feed_if_ne: teh towers
(26:25 / Allies) bosox07: purple
(26:29 / Allies) wow_strong_load: if u guys win this im saving replay
(26:33 / Allies) wow_strong_load: ^^
(26:42 / Allies) bosox07: sweet dude
(27:08 / Allies) bosox07: now how do i move my farms
(27:10 / Allies) bosox07: ?
(27:11 / Allies) I_feed_if_ne: oput
(27:12 / Allies) wow_strong_load: red unit shere
(27:14 / Allies) wow_strong_load: hurt red units
(27:22 / Allies) wow_strong_load: red health bar i mean
(27:28 / Allies) wow_strong_load: he has wyrms on the way
(27:39 / Allies) bosox07: OMG TY YELLOW
(27:41 / Allies) bosox07: TY
(27:48 / All) wow_strong_load: bro u jus tlost 2 wyrms to a creep
(27:52 / Allies) bosox07: YOU SAVED MY FUCKING FARMS
(28:36 / Allies) I_feed_if_ne: ia sked u to finish this
(28:59 / Allies) wow_strong_load: if u cant win there
(29:01 / Allies) wow_strong_load: u wont win
(29:27 / Allies) I_feed_if_ne: FINISH HIS FUCKIN BASE PURPEL PLZ
(29:37 / All) wow_strong_load: a valiant effort xoot
(29:41 / All) wow_strong_load: not everyone can win 2v4
(29:42 / Allies) bosox07: how do i move my farms
(29:44 / All) wow_strong_load: 1v4
(29:47 / All) wow_strong_load: or 1v3 w/e
(29:48 / All) wow_strong_load: 1v2
(29:57 / All) wow_strong_load: 1v1.5 really
(30:02 / All) wow_strong_load: actualyl it was more like 4v1.5
(30:04 / All) wow_strong_load: u suck
(30:30 / Allies) bosox07: how do i move my farms
(30:32 / Allies) bosox07: ??
(30:34 / All) xoot: gg
(30:40 / All) I_feed_if_ne: FUCK U LOSER
(30:44 / Allies) wow_strong_load: i bet one of his bases
(30:45 / Allies) wow_strong_load: has 12k gold
(30:46 / All) xoot: but im still staying cause of that mod
(30:46 / Allies) wow_strong_load: rofl
(30:50 / All) I_feed_if_ne: GA<ME SUCKED UC ANT WIN WITH A BSER U FUCKIN TWAT?
(30:56 / All) I_feed_if_ne: MEASNS SHTI
(31:01 / Allies) bosox07: how do you move your farms?
(31:01 / All) wow_strong_load: 2 bsers
(31:05 / All) wow_strong_load: house masser and me
(31:17 / All) xoot: no shit you fucking auxk is why it suxked i was controlling 4 bases wahst your whack excuse
(31:23 / All) I_feed_if_ne: DUDE FUCK U
(31:28 / All) wow_strong_load: if u want i could send u replays
(31:30 / All) I_feed_if_ne: IVE WON 4v ME BEFORE WITHOUT BSERS
(31:31 / All) wow_strong_load: of me winning 1v4
(31:33 / All) I_feed_if_ne: LKEAVE DICKLESS
(31:36 / Allies) wow_strong_load: vs 4 competent enemies
(31:40 / All) wow_strong_load: vs 4 decent players
(31:46 / All) wow_strong_load: by decent i mean as good as u guys
(31:54 / All) I_feed_if_ne: BLEUS TELLIN U SHIT AS WELL
(31:55 / All) wow_strong_load: we had one guy with a godl mine
(31:56 / All) I_feed_if_ne: FUK U SUCKED
(31:58 / All) wow_strong_load: u lost to one gold mine
(32:03 / All) wow_strong_load: he ignored
(32:05 / All) wow_strong_load: everythign i said
(32:09 / All) wow_strong_load: he had units sitting idle
(32:10 / All) wow_strong_load: all game
(32:19 / All) wow_strong_load: how hard is it to assign 4 congrol groups
(32:23 / All) wow_strong_load: 1 click 2 click 3 click 4 click
(32:26 / All) wow_strong_load: wow whole army moving
(32:31 / Allies) I_feed_if_ne: gg piurple
(32:40 / All) GM-Flash: you too mate
(32:51 / Allies) I_feed_if_ne: iw as ranked 4 in ffa last patch
(32:59 / Allies) I_feed_if_ne: i rt and have to play lieka fcukin ffa
(33:11 / Allies) wow_strong_load: im ranked top 20 rt right now ^^
(33:22 / Allies) GM-Flash: yeah
(33:23 / Allies) GM-Flash: sure.
(33:35 / Allies) GM-Flash: i'm ranked in AT right now
(33:44 / Allies) GM-Flash: 2's
(34:16 / Allies) wow_strong_load: its true that
(34:20 / Allies) wow_strong_load: playing the idfferent ghameytpes
(34:24 / Allies) wow_strong_load: will make u bette rat each one
(34:29 / All) xoot: sorry nig im not that good obviosly but im better than them
(34:29 / Allies) wow_strong_load: except rt that doesnt make u better at anything
(34:45 / All) I_feed_if_ne: bleu apparently ahs small dick isssues he needs to get over
(34:50 / All) I_feed_if_ne: so he bses to compensate
(35:04 / All) bosox07: hey guys
(35:11 / All) bosox07: how the fuck do i move my farms
(35:25 / All) GM-Flash: you CAN'T.
(35:33 / Allies) I_feed_if_ne: he wont have them in asec anyway
(35:52 / Allies) GM-Flash: fuck
(35:55 / Allies) GM-Flash: don't let pink get his BM
(36:00 / All) xoot: i cant what i dont care if i had 2 wait 20 min because of that mod then you gotta earn your win
(36:10 / All) wow_strong_load: www.skillhackers.com
(36:19 / All) I_feed_if_ne: no skill when u need hack bro
(36:20 / All) wow_strong_load: for antihack programs
(36:22 / All) I_feed_if_ne: u suck balls
(36:33 / All) wow_strong_load: isntantly disc any hacker from game
(36:36 / All) wow_strong_load: www.skillhackers.com
(36:42 / All) I_feed_if_ne: i been beaten hackers liek u in ffa for years
(36:46 / All) bosox07: how do i build farms?
(36:47 / Allies) GM-Flash: sounds like you're shilling for the fucking site
(36:57 / All) bosox07: i mean move them
(36:58 / Allies) GM-Flash: either way
(37:01 / Allies) GM-Flash: Fuuuuuuuuuuuuuuck you.
(37:05 / All) wow_strong_load: LOL
(37:06 / All) wow_strong_load: TOLD U
(37:08 / All) wow_strong_load: ONE OF HIS BASES
(37:10 / All) wow_strong_load: WOUDL HAVE 12K
(37:12 / All) wow_strong_load: HE JSUT QUEUED UP
(37:15 / All) wow_strong_load: 4000 RIFLES
(37:27 / Allies) GM-Flash: i will keep your DL healed
(37:28 / Allies) GM-Flash: go with him
(38:25 / Allies) wow_strong_load: HES HIDING A BURROW HERE
(38:34 / Allies) I_feed_if_ne: we dont care
(38:37 / Allies) wow_strong_load: K
(38:38 / Allies) I_feed_if_ne: u fuck
(38:44 / Allies) wow_strong_load: MAKE SURE TO LOOK THERE LAST
(38:44 / Allies) GM-Flash: not gonna lie
(38:45 / Allies) wow_strong_load: SO UR LEGIT
(38:46 / Allies) wow_strong_load: ROFL
(38:51 / Allies) GM-Flash: you're still a fucking douchebag.
(39:00 / Allies) bosox07: purple
(39:04 / Allies) I_feed_if_ne: i wopuld have looked there first walkin abck down moron
(39:11 / Allies) bosox07: how do i fucking move my fucking farms
(39:15 / Allies) GM-Flash: dude
(39:17 / Allies) GM-Flash: you CAN'T move farms
(39:26 / Allies) GM-Flash: the only race that can move buildings is NE
(39:28 / Allies) bosox07: oh
(39:40 / Allies) GM-Flash: if you're UD you can unsummon/resummon
(39:49 / Allies) bosox07: thanks sweetie pie
(40:07 / All) wow_strong_load: WP
(40:08 / All) wow_strong_load: ALL